 Dungeon Crawl Stone Soup version 0.26-a0-50-gc4d14cd842 (webtiles) character file.

Game seed: 10052594795304652845

256 vurker the Digger (level 5, -22/41 HPs)
             Began as a Demigod Earth Elementalist on June 4, 2020.
             Annihilated by Menkaure (23 damage)
             ... on level 4 of the Dungeon.
             The game lasted 00:04:46 (3740 turns).

vurker the Digger (Demigod Earth Elementalist)      Turns: 3740, Time: 00:04:47

Health: -22/41     AC:  2    Str: 11    XL:     5   Next: 60%
Magic:  3/12       EV: 12    Int: 21    God:
Gold:   192        SH:  0    Dex: 16    Spells: 4/10 levels left

rFire    . . .     SeeInvis .   k - +0 dagger
rCold    . . .     Gourm    .   (no shield)
rNeg     . . .     Faith    .   c - +0 robe
rPois    .         Spirit   .   (no helmet)
rElec    .         Reflect  .   (no cloak)
rCorr    .         Harm     .   (no gloves)
MR       .....                  (no boots)
Stlth    ++........             (no amulet)
HPRegen  0.13/turn              (no ring)
MPRegen  0.13/turn              (no ring)

@: very slightly contaminated
A: high mp 1
a: no special abilities


You were on level 4 of the Dungeon.
You were hungry.

You visited 1 branch of the dungeon, and saw 4 of its levels.

You collected 192 gold pieces.

Inventory:

Hand Weapons
 k - a +0 dagger (weapon)
   (You took it off a kobold on level 1 of the Dungeon)
Missiles
 b - 40 stones (quivered)
Armour
 c - a +0 robe (worn)
Jewellery
 t - an uncursed ring of wizardry {unknown}
   (You found it on level 3 of the Dungeon)
Scrolls
 f - a scroll of identify
 g - a scroll of fog {unknown}
 i - a scroll of noise {unknown}
 j - a scroll of fear {unknown}
 l - 3 scrolls of immolation {unknown}
 m - a scroll of amnesia {unknown}
 o - a scroll of remove curse {unknown}
 s - a scroll of teleportation {unknown}
Potions
 a - 3 potions of lignification
 d - a potion of brilliance {unknown}
 n - a potion of haste {unknown}
 p - 2 potions of resistance {unknown}
 u - a potion of curing
Comestibles
 e - 8 rations


   Skills:
 + Level 1.8 Fighting
 - Level 1.7 Dodging
 - Level 1.7 Stealth
 * Level 3.2 Spellcasting
 * Level 2.1 Conjurations
 - Level 0.8 Transmutations
 * Level 4.1 Earth Magic


You had 4 spell levels left.
You knew the following spells:

 Your Spells              Type           Power        Failure   Level  Hunger
a - Sandblast             Erth           ###...       2%          1    None
b - Stone Arrow           Conj/Erth      ###...       11%         3    ###....
q - Passwall              Tmut/Erth      ##......     7%          2    ##.....

Your spell library contained the following spells:

 Spells                   Type           Power        Failure   Level  Hunger
 Petrify                  Tmut/Erth      ##......     43%         4    ####...
 Lee's Rapid Deconstruct  Erth           ###.......   54%         5    ######.


Dungeon Overview and Level Annotations

Branches:
Dungeon (4/15)             Temple (0/1) D:4

Annotations:
D:4 Menkaure


Innate Abilities, Weirdness & Mutations

You have an increased reservoir of magic. (+10% MP)


Message History

Menkaure seems to speed up.
Aim: a phantom (lightly damaged)
The blast of sand hits the phantom!
b - 47 stones The phantom hits you!
Aim: a phantom (moderately damaged)
The blast of sand hits the phantom.
b - 46 stones The phantom hits you.
Aim: a phantom (heavily damaged)
The blast of sand hits the phantom!
b - 45 stones The phantom hits you!
Aim: a phantom (almost destroyed)
You miscast Sandblast.
You are very lightly contaminated with residual magic.
Nothing appears to happen.
The phantom closely misses you.
Aim: a phantom (almost destroyed)
The blast of sand misses the phantom.
b - 44 stones The phantom closely misses you.
Aim: a phantom (almost destroyed)
The blast of sand hits the phantom.
b - 43 stones The phantom barely misses you.
Aim: a phantom (almost destroyed)
The blast of sand hits the phantom!
You destroy the phantom!
Your Spellcasting skill increases to level 3!
Your Conjurations skill increases to level 2!
Your Earth Magic skill increases to level 4!
b - 42 stones Menkaure hits you!!
Ouch! That really hurt!
* * * LOW HITPOINT WARNING * * *
Menkaure closely misses you.
Unknown command.
You aren't carrying any items that you can evoke.
Unknown command.
Aim: Menkaure (fast)
The blast of sand hits Menkaure!
b - 41 stones Menkaure calls on the powers of darkness!
You feel a surge of unholy energy.
Aim: Menkaure (heavily damaged, fast)
The blast of sand hits Menkaure.
b - 40 stones Menkaure hits you!!
Ouch! That really hurt!
You die...

#.# #M# #.# # #.#
#. ### #.# #..#..
#.# ..#.# #.# ....
#.#### ##.#
#..@.######.#
##...
##M.........#
#..#. #.#.########
#..[. #.#.# #.#.#
#.#(# ####.#..
#.#.# #....###
#.#.# #.##..#
#.#.########'###.#
#.#......#.....#.#


You could see Menkaure (fast).

Vanquished Creatures
  A phantom (D:4)
  An ogre (D:4)
  3 adders
  A dart slug (D:1)
  5 orcs (D:3)
  4 giant cockroaches
  7 goblins
  4 hobgoblins
  4 jackals
  7 kobolds
  3 quokkas
  6 bats
  8 frilled lizards
  4 rats
58 creatures vanquished.

Notes
Turn   | Place    | Note
-------+----------+-------------------------------------------
     0 | D:1      | vurker the Demigod Earth Elementalist began the quest for
                  | the Orb.
     0 | D:1      | Reached XP level 1. HP: 14/14 MP: 5/5
   465 | D:1      | Reached skill level 3 in Earth Magic
   465 | D:1      | Reached XP level 2. HP: 22/22 MP: 5/7
  1103 | D:2      | Learned a level 2 spell: Passwall
  1189 | D:2      | Reached XP level 3. HP: 27/27 MP: 7/9
  1314 | D:2      | Reached skill level 1 in Fighting
  1331 | D:2      | Learned a level 3 spell: Stone Arrow
  2852 | D:3      | Found a sparkling altar of Nemelex Xobeh.
  3058 | D:3      | Reached skill level 1 in Conjurations
  3212 | D:3      | Found a hazy altar of Hepliaklqana.
  3214 | D:3      | Reached XP level 4. HP: 35/35 MP: 7/10
  3440 | D:3      | Found a glowing golden altar of the Shining One.
  3610 | D:4      | Noticed an ogre
  3618 | D:4      | Killed an ogre
  3618 | D:4      | Reached XP level 5. HP: 40/40 MP: 6/12
  3682 | D:4      | Found a staircase to the Ecumenical Temple.
  3714 | D:4      | Noticed a phantom
  3717 | D:4      | Noticed Menkaure
  3738 | D:4      | Killed a phantom
  3738 | D:4      | Reached skill level 4 in Earth Magic
  3738 | D:4      | HP: 1/41 [Menkaure (24)]
  3740 | D:4      | Annihilated by Menkaure

Illustrated notes

Levels and vault maps discovered:
D:1:      dpeg_arrival_erosion, layout_loops_ring, nrook_loot_triangle
D:2:      layout_basic, serial_glass, glass_columns_a, glass_columns_a,
          serial_bayou_ford_a, minmay_misc_feat_plants, minmay_pentomino_p2
D:3:      layout_loops_ring, lemuel_round_altar,
          nemelex_xobeh_ov_fountains_minmay, nicolae_tso_swordbearing_angel
D:4:      layout_loops_ring, nicolae_overflow_crystal_walls,
          minmay_temple_entry_hall, kennysheep_generic_room_4, uniq_menkaure

Skill      XL: |  1  2  3  4  5 |
---------------+----------------+-----
Spellcasting   | 2 3 |  3.2
Earth Magic    | 3 4 |  4.1
Fighting       | 1 |  1.8
Conjurations   | 1 2 |  2.1
Dodging        | |  1.7
Stealth        | |  1.7
Transmutations | |  0.8

Action                   |  1- 3 |  4- 6 || total
-------------------------+-------+-------++-------
Melee: Unarmed           |     3 |       ||     3
       Dagger            |    18 |       ||    18
 Cast: Sandblast         |    85 |    21 ||   106
  Use: Scroll            |       |     4 ||     4
 Stab: Sleeping          |     1 |       ||     1
  Eat: Chunk             |     7 |     1 ||     8
Armor: Robe              |     6 |       ||     6
Dodge: Dodged            |    49 |     5 ||    54

Table legend:
 A = Non-vault XP
 B = Vault XP
 C = Vault XP percentage of total XP
 D = Non-vault monster count
 E = Vault monster count
 F = Vault count percentage of total count
                 A         B        C        D         E       F
            +---------+---------+-------+---------+---------+-------
      Total |     364 |       2 |   0.5 |      57 |       1 |   1.7
            +---------+---------+-------+---------+---------+-------
        D:1 |      29 |       0 |   0.0 |      18 |       0 |   0.0
        D:2 |      37 |       2 |   5.1 |      16 |       1 |   5.9
        D:3 |      64 |       0 |   0.0 |      21 |       0 |   0.0
        D:4 |     234 |       0 |   0.0 |       2 |       0 |   0.0
            +---------+---------+-------+---------+---------+-------
